 Dungeon Sprint DCSS version 0.20-a0-1124-g2e29d97 (webtiles) character file.

542 potatolord6000 the Ruffian (level 7, -3/76 HPs)
             Began as a Troll Fighter on May 16, 2017.
             Was an Initiate of Gozag.
             Slain by a two-headed ogre
             ... wielding a +0 great mace
              (28 damage)
             ... in the Dungeon (Sprint IX: "|||||||||||||||||||||||||||||").
             The game lasted 00:02:28 (177 turns).

potatolord6000 the Ruffian (Troll Fighter)           Turns: 177, Time: 00:02:29

Health: -3/76      AC:  8    Str: 32    XL:     7   Next: 6%
Magic:  6/6        EV: 14    Int:  4    God:    Gozag
Gold:   297        SH:  0    Dex:  9    Spells: 6/6 levels left

rFire    . . .     SeeInvis .     - Unarmed
rCold    . . .     Gourm    +   (no shield)
rNeg     . . .     Faith    .   a - +0 robe
rPois    .         Spirit   .   (helmet restricted)
rElec    .         Reflect  .   m - +0 cloak
rCorr    .         Harm     .   (gloves unavailable)
MR       .....     NoTele   +   (boots unavailable)
Stlth    +.........             (no amulet)
Regen    0.7/turn               n - +2 ring of protection
MPRegen  0.1/turn               o - +2 ring of evasion

@: mighty
A: unfitting armour, claws 3, fast metabolism 3, gourmand, regeneration 1,
shaggy fur 1, tough skin 2
a: Potion Petition, Call Merchant, Bribe Branch, Renounce Religion


You were in the Dungeon.
You worshipped Gozag.
Gozag was aware of your devotion.
You were not hungry.

You visited 1 branch You collected 297 gold pieces.

Inventory:

Armour
 a - a +0 robe (worn)
 m - a +0 cloak (worn)
Jewellery
 n - a +2 ring of protection (left claw)
 o - a +2 ring of evasion (right claw)
Wands
 l - a wand of iceblast (7/15)
Scrolls
 g - 3 scrolls of remove curse
 j - 2 scrolls of blinking
 k - 2 scrolls of amnesia
Potions
 e - 5 potions of curing
 h - 4 potions of magic
 i - a potion of berserk rage
Comestibles
 d - 2 bread rations


   Skills:
 + Level 6.8 Fighting
 + Level 6.2 Armour
 + Level 6.8 Dodging
   Level 2.4 Shields
 + Level 7.9 Unarmed Combat


You had 6 spell levels left.
You didn't know any spells.

Dungeon Overview and Level Annotations

Branches:
Dungeon (1/1)

Altars:
Cheibriados
Dithmenos
Elyvilon
Fedhas
Gozag
Hepliaklqana
Kikubaaqudgha
Makhleb
Nemelex Xobeh
Okawaru
Qazlal
Ru
Sif Muna
Trog
Uskayaw
Vehumet
Wu Jian
Xom
Yredelemnul
Zin
The Shining One
Beogh
Jiyva
Lugonu


Innate Abilities, Weirdness & Mutations

You are too large for most types of armour.
You have claws for hands.
Your metabolism is lightning-fast.
You like to eat raw meat.
Your natural rate of healing is unusually fast.
You are covered in fur. (AC +1)
You have very tough skin. (AC +2)


Message History

The two-headed ogre closely misses you.
You barely miss the two-headed ogre.
Your magical contamination has completely faded away.
You barely miss the two-headed ogre. The two-headed ogre misses you.
The two-headed ogre hits you with a giant club!!
You feel very mighty all of a sudden. The two-headed ogre misses you.
The two-headed ogre hits you with a giant club!
You mangle the two-headed ogre!!
The two-headed ogre is severely wounded.
You claw the two-headed ogre! Your claw misses the two-headed ogre.
The two-headed ogre is almost dead.
The two-headed ogre barely misses you.
The two-headed ogre hits you but does no damage.
You barely miss the two-headed ogre.
The two-headed ogre is almost dead.
The two-headed ogre hits you with a great mace!
The two-headed ogre hits you with a giant club!!
You die...
Your body crumbles into a pile of gold.

▓.▓
▓.▓
▓.▓
▓Z▓
▓W▓
▓a▓
▓O▓
▓@▓
$
▓.▓
$
▓)▓
$
▓.▓
$
▓.▓
$
▓.▓
▓'▓
$
▓.▓
$
▓.▓
$


You could see a two-headed ogre, a wraith, a worker ant and a bat zombie.

Vanquished Creatures
  A gargoyle (D)
  A phantom (D)
  A scorpion (D)
  A killer bee (D)
  An orc wizard (D)
  An iguana (D)
  A gnoll (D)
  A shadow imp (D)
  A giant cockroach (D)
  A goblin (D)
  2 jackals (D)
  A kobold (D)
  A bat (D)
  2 frilled lizards (D)
  A giant cockroach zombie (D)
  A rat (D)
18 creatures vanquished.

Notes
Turn   | Place    | Note
-------+----------+-------------------------------------------
     0 | D        | potatolord6000 the Troll Fighter began the quest for the Orb.
     0 | D        | Reached XP level 1. HP: 22/22 MP: 0/0
    17 | D        | Reached skill level 1 in Armour
    23 | D        | Noticed a scorpion
    30 | D        | Reached skill level 3 in Unarmed Combat
    30 | D        | Reached XP level 2. HP: 15/31 MP: 1/1
    36 | D        | Killed a scorpion
    36 | D        | Reached skill level 4 in Unarmed Combat
    36 | D        | Reached XP level 3. HP: 21/39 MP: 2/2
    49 | D        | Found a roughly hewn altar of Beogh.
    49 | D        | Found a snail-covered altar of Cheibriados.
    49 | D        | Found a shadowy altar of Dithmenos.
    49 | D        | Found a white marble altar of Elyvilon.
    49 | D        | Found a blossoming altar of Fedhas.
    49 | D        | Found an opulent altar of Gozag.
    50 | D        | Found a hazy altar of Hepliaklqana.
    51 | D        | Found a viscous altar of Jiyva.
    52 | D        | Found an ancient bone altar of Kikubaaqudgha.
    53 | D        | Found a corrupted altar of Lugonu.
    54 | D        | Found a burning altar of Makhleb.
    55 | D        | Found a sparkling altar of Nemelex Xobeh.
    56 | D        | Found an iron altar of Okawaru.
    57 | D        | Became a worshipper of Gozag Ym Sagoz the Greedy
    58 | D        | Found a stormy altar of Qazlal.
    59 | D        | Found a sacrificial altar of Ru.
    60 | D        | Found a deep blue altar of Sif Muna.
    61 | D        | Found a bloodstained altar of Trog.
    62 | D        | Found a hide-covered altar of Uskayaw.
    63 | D        | Found a radiant altar of Vehumet.
    64 | D        | Found an ornate altar of the Wu Jian Council.
    65 | D        | Found a shimmering altar of Xom.
    66 | D        | Found a basalt altar of Yredelemnul.
    67 | D        | Found a glowing silver altar of Zin.
    68 | D        | Found a glowing golden altar of the Shining One.
   100 | D        | Noticed a killer bee
   100 | D        | Noticed a phantom
   106 | D        | Reached XP level 4. HP: 48/48 MP: 3/3
   122 | D        | Killed a phantom
   122 | D        | Reached skill level 5 in Unarmed Combat
   122 | D        | Reached XP level 5. HP: 18/55 MP: 4/4
   123 | D        | Reached skill level 5 in Fighting
   123 | D        | Reached skill level 5 in Dodging
   123 | D        | Reached skill level 6 in Unarmed Combat
   159 | D        | Noticed a wraith
   159 | D        | Noticed a two-headed ogre
   159 | D        | Noticed a gargoyle
   170 | D        | Killed a gargoyle
   170 | D        | Reached skill level 7 in Unarmed Combat
   170 | D        | Reached XP level 6. HP: 36/68 MP: 5/5
   170 | D        | Reached XP level 7. HP: 40/76 MP: 6/6
   177 | D        | Slain by a two-headed ogre

Vault maps used:
D:        linesprint

Skill      XL: |  1  2  3  4  5 |
---------------+----------------+-----
Armour         | 1 2 4 6 |  6.2
Fighting       | 3 4 6 |  6.8
Dodging        | 3 4 6 |  6.8
Unarmed Combat | 3 4 5 7 |  7.9
Shields        | |  2.4

Action                   |  1- 3 |  4- 6 |  7- 9 || total
-------------------------+-------+-------+-------++-------
Melee: Unarmed           |    29 |    38 |     5 ||    72
       Punch             |       |     3 |       ||     3
  Use: Potion            |     2 |     2 |     2 ||     6
 Stab: Invisible         |       |     3 |       ||     3
Armor: Robe              |     4 |    10 |       ||    14
Dodge: Dodged            |     9 |    35 |     4 ||    48
